 Dungeon Crawl Stone Soup version 0.30-a0-802-gb92711bcdf (webtiles) character file.

Game seed: 18329376108364414472

60 jlumianski the Trooper (level 3, -6/29 HPs)
             Began as a Demonspawn Fighter on Feb 23, 2023.
             Mangled by a gnoll
             ... wielding a +0 halberd
              (8 damage)
             ... on level 1 of the Dungeon.
             The game lasted 00:06:32 (1126 turns).

jlumianski the Trooper (Demonspawn Fighter)         Turns: 1126, Time: 00:06:33

Health: -6/29      AC:  8    Str: 18    XL:     3   Next: 80%
Magic:  3/3        EV:  9    Int:  9    God:
Gold:   124        SH:  4    Dex: 12    Spells: 2/2 levels left

rFire   . . .      SeeInvis .    a - +0 war axe
rCold   . . .      Faith    .    c - +0 buckler
rNeg    . . .      Spirit   .    b - +0 scale mail
rPois   .          Reflect  .    l - +2 hat
rElec   .          Harm     .    (no cloak)
rCorr   .          Rampage  .    (no gloves)
Will    .....                    (no boots) Stlth
                                 (no amulet)
HPRegen 0.24/turn                (no ring)
MPRegen 0.08/turn                (no ring)

@: mighty
A: demonic magic 1
a: no special abilities


You were on level 1 of the Dungeon.
You visited 1 branch of the dungeon, and saw 2 of its levels.

You collected 124 gold pieces.

Inventory:

Hand Weapons
 a - a +0 war axe (weapon)
 q - a +0 whip of electrocution
Missiles
 e - 8 stones (quivered)
 m - 5 curare-tipped darts
Armour
 b - a +0 scale mail (worn)
 c - a +0 buckler (worn)
 l - a +2 hat (worn)
Jewellery
 g - a ring of fire
 n - an amulet of magic regeneration
Scrolls
 i - a scroll of silence {unknown}
 j - a scroll of fog {unknown}
 k - a scroll of teleportation {unknown}
 o - a scroll of identify {unknown}
 p - a scroll of brand weapon {unknown}
Potions
 f - a potion of curing {unknown}
 h - a potion of degeneration {unknown}


   Skills:
 + Level 3.6 Fighting
 + Level 2.4 Axes
 + Level 3.2 Armour
 + Level 0.4 Dodging
 + Level 2.9 Shields


You had 2 spell levels left.
You didn't know any spells.
Your spell library contained the following spells:

 Spells                   Type           Power      Damage    Failure   Level
 Ignite Poison            Fire/Tmut/Pois 0%         N/A       99%         3
 Fireball                 Conj/Fire      0%         3d3       100%        5


Dungeon Overview and Level Annotations

Branches:
Dungeon (2/15)

Altars:


Innate Abilities, Weirdness & Mutations

Spells you cast may paralyse adjacent enemies.


Message History

You barely miss the gnoll.
The gnoll is almost dead.
The gnoll hits you with a +0 whip of electrocution.
You block the gnoll's attack.
You barely miss the gnoll.
The gnoll is almost dead.
The gnoll hits you but does no damage.
You are electrocuted!
You slash the gnoll!
You kill the gnoll!
Things that are here:
a +0 whip of electrocution; a gnoll corpse
q - a +0 whip of electrocution Welcome back, jlumianski the Demonspawn Fighter.
Press ? for a list of commands and other information.
HP restored.
Done exploring.
Things that are here:
a +0 club; a gnoll corpse
Things that are here:
a +0 club; a gnoll corpse You see here a gnoll corpse.
There is a stone staircase leading down, spattered with blood here.
You climb downwards.
There is a stone staircase leading up here.
A gnoll is nearby!
The gnoll closely misses you.
There is a stone staircase leading up here.
The gnoll hits you with a +0 halberd!
You climb upwards.
There is a stone staircase leading down, spattered with blood here.
The gnoll attacks as you move away! The gnoll hits you with a +0 halberd!
The gnoll hits you from afar with a +0 halberd!
* * * LOW HITPOINT WARNING * * *
You feel very mighty all of a sudden. You block the gnoll's attack.
You block the gnoll's attack.
You slash the gnoll!
The gnoll is severely wounded.
The gnoll hits you with a +0 halberd!
You die...

#........#......................
##........#......##.##.########..
.................##.##.# ##.
....................##.# #.
...................###.# #####.
.....####..#........##.# #.....
.....# #......÷....##.#####.####
.....# ##...........##..##...#
#.######........@g......##)###
..#####.........)†..###....#
....>...............#.....##
......##.###.##.#...#.##...######
.....###.##.....###...##........#
........).......# ##..##........#
>......)........####...#.........
.##########.....#...............#
.# #.....#.......##..#####


You could see a gnoll.

Vanquished Creatures
  2 gnolls (D:1)
  A dart slug (D:1)
  2 bats (D:2)
  An endoplasm (D:1)
  3 giant cockroaches
  3 goblins
  5 hobgoblins
  3 jackals (D:1)
  6 kobolds
  A quokka (D:1)
  4 ball pythons
  A frilled lizard (D:1)
  3 rats
35 creatures vanquished.

Notes
Turn   | Place    | Note
-------+----------+-------------------------------------------
     0 | D:1      | jlumianski the Demonspawn Fighter began the quest for the
                  | Orb.
     0 | D:1      | Reached XP level 1. HP: 18/18 MP: 1/1
    83 | D:1      | Gained mutation: Spells you cast may paralyse adjacent
                  | enemies. [demonic ancestry]
    83 | D:1      | Reached XP level 2. HP: 23/24 MP: 2/2
   564 | D:2      | Found a faded altar of an unknown god.
   579 | D:2      | Reached XP level 3. HP: 27/29 MP: 3/3
   646 | D:2      | Got Asub's Tractate on the Cankerous Pyre
  1122 | D:1      | HP: 1/29 [gnoll/+0 halberd (13)]
  1126 | D:1      | Mangled by a gnoll

Illustrated notes

Levels and vault maps discovered:
D:1:      elethiomel_arrival_fortress_basement, layout_rooms
D:2:      layout_basic, nicolae_ecumenical_pavilion

Skill      XL: |  1  2 |
---------------+-------+-----
Axes           | 2 |  2.4
Armour         | 3 |  3.2
Fighting       | |  3.6
Dodging        | |  0.4
Shields        | |  2.9

Action                     || total
---------------------------++-------
  Melee: War axe           ||   103
    Use: Potion            ||     1
 Armour: Scale mail        ||    64
  Dodge: Dodged            ||    47
  Block: Buckler           ||    36

Table legend: (Time is in decaauts)
 A = Elapsed time spent in this place.
 B = Non-inter-level travel time spent in this place.
 C = Inter-level travel time spent in this place.
 D = Time resting spent in this place.
 E = Time spent auto-exploring this place.
 F = Levels seen in this place.
 G = Mean time per level.
                   A        B        C        D        E       F      G
               +--------+--------+--------+--------+--------+-----+--------+
         Total |   1172 |   1118 |     54 |      0 |    646 |   2 |  586.0 |
       Dungeon |   1172 |   1118 |     54 |      0 |    646 |   2 |  586.0 |
               +--------+--------+--------+--------+--------+-----+--------+

Top non-repeatable levels by time:
     D:1: 706 daAuts
     D:2: 466 daAuts
